Cogmind - Beta 13 @@@ ROGUE MODE // 2024.04.20 @ 19:53:37 Player: JTMusky Result: Destroyed by as-86729 with Assembled Maul Performance ------------- Evolutions (0) 0 Regions Visited (0) 0 Robots Destroyed (5) 25 Value Destroyed (23) 23 Prototype IDs (0) 0 Alien Tech Used (0) 0 Bonus (0) 0 TOTAL SCORE: 48 Bonus ------- None Cogmind --------- Core Integrity 0/250 Matter 154/300 Energy 80/100 System Corruption 10% Temperature Cool (20) Movement Core (100) Ox1 Location -11/Scrapyard Parts ------- > --- POWER (1) -------- (None) > --- PROPULSION (2) --- (None) > --- UTILITY (2) ------ Small Storage Unit > --- WEAPON (2) ------- Mining Laser > --- INVENTORY (8) ---- Light Ion Engine Peak State ------------ > --- POWER ------------ Ion Engine > --- PROPULSION ------- Aluminum Leg Aluminum Leg > --- UTILITY ---------- Improved Terrain Scanner Seismic Detector > --- WEAPON ----------- Assault Rifle Light Assault Rifle > --- INVENTORY -------- Light Ion Engine Small Storage Unit [Rating: 9] Favorites ----------- Power Ion Engine Engine Ion Engine Propulsion Aluminum Leg Leg Aluminum Leg Utility Seismic Detector Device Seismic Detector Storage Small Storage Unit Weapon Assault Rifle Ballistic Gun Assault Rifle Special Weapon Mining Laser Build | -11 ------- Run | Yrd Slots Evolved . | . Power . | . Propulsion . | . Utility . | . Weapon . | . Parts Attached 13 | 13 Power 2 | 2 Engine 2 | 2 Core . | . Reactor . | . Propulsion 2 | 2 Treads . | . Leg 2 | 2 Wheel . | . Hover . | . Flight . | . Utility 4 | 4 Device 2 | 2 Storage 2 | 2 Processor . | . Hackware . | . Protection . | . Artifact . | . Weapon 5 | 5 Energy Gun . | . Energy Cannon . | . Ballistic Gun 3 | 3 Ballistic Cannon . | . Launcher . | . Special Weapon 2 | 2 Impact Weapon . | . Slashing Weapon . | . Piercing Weapon . | . Special Melee Weapon . | . Unidentified Prototypes . | . Parts Lost 7 | 7 Power 1 | 1 Propulsion 2 | 2 Utility 2 | 2 Weapon 2 | 2 Highest Loss Streak 7 | 7 To Critical Strikes . | . Average Slot Usage (%) . | . Naked Turns . | . Heaviest Build 14 | 14 Greatest Support 20 | 20 Greatest Overweight (x) 4 | 4 Average Overweight (x) . | . Largest Inventory Capacity 8 | 8 Average Capacity 5 | 5 Most Carried 6 | 6 Average Carried 3 | 3 Final Capacity 8 | 8 Final Carried 1 | 1 Class Distribution -------------------- None Dominant Class ---------------- None Resources | -11 ----------- Run | Yrd Matter Collected 265 | 265 Remotely . | . Salvage Created 131 | 131 Parts 13 | 13 Haulers Intercepted . | . Recyclers Shooed 1 | 1 Parts Field Recycled . | . Retrieved Matter . | . Parts Self-Destructed . | . Prevented . | . Kills | -11 ------- Run | Yrd Combat Hostiles Destroyed 1 | 1 Guns 1 | 1 Classes Destroyed 3 | 3 Worker 2 | 2 Tunneler 3 | 3 Assembled 1 | 1 Best Kill Streak 2 | 2 Combat Bots Only 1 | 1 Max Kills in Single Turn 1 | 1 Gunslinging . | . Exploded . | . Melee . | . Uniques/NPCs Destroyed . | . Combat | -11 -------- Run | Yrd Hostile Shots Fired 45 | 45 Missed 7 | 7 Damage Taken 827 | 827 Core 283 | 283 Absorbed by Shields . | . Core Remaining (%) . | . Volleys Fired 32 | 32 Largest 2 | 2 Hottest 40 | 40 Shots Fired 60 | 60 Gun 60 | 60 Cannon . | . Launcher . | . Special . | . Kinetic 60 | 60 Thermal . | . Explosive . | . Electromagnetic . | . Robot Hit Streak 7 | 7 Robot Miss Streak 5 | 5 Penetration Max . | . Secondary Targets . | . Shots Hit Robots 41 | 41 Core Hits 15 | 15 Critical Kills . | . Critical Parts Destroyed . | . Critical Strikes . | . Melee Attacks . | . Impact . | . Slashing . | . Piercing . | . Sneak Attacks . | . Combat Hostiles . | . Follow-up Attacks . | . Damage Inflicted 410 | 410 Guns 410 | 410 Cannons . | . Explosions . | . Melee . | . Ramming . | . Kinetic 410 | 410 Thermal . | . Explosive . | . Electromagnetic . | . Impact . | . Slashing . | . Piercing . | . Highest Corruption 10 | 10 Average Corruption 6 | 6 Corruption Purged . | . Corruption Blocked . | . Overload Shots . | . Overflow Damage . | . Projectiles . | . Explosions . | . Melee . | . Knockbacks . | . Impact . | . Kinetic . | . Secondary . | . Self-Inflicted Damage . | . Shots . | . Rammed . | . Targets Rammed . | . Kicked . | . Crushed . | . Highest Temperature . | . Average Temperature . | . Received Heat Transfer 40 | 40 Siege Activations . | . Robots Corrupted . | . Combat Hostiles . | . Parts Fried . | . Impact Corruptions . | . Robots Melted . | . Combat Hostiles . | . Parts Melted . | . Heat Transferred . | . Parts Sabotaged . | . Parts Stolen . | . Parts Stripped . | . Power Chain Reactions . | . Alert | -11 ------- Run | Yrd Peak Influence 25 | 25 Initial . | . Average . | . Maximum Alert Level . | . Low Security (%) 100 | 100 Level 1 . | . Level 2 . | . Level 3 . | . Level 4 . | . Level 5 . | . High Security . | . Max Security . | . Squads Dispatched . | . Investigation . | . Extermination . | . Reinforcement . | . Assault . | . Garrison . | . Intercept . | . Searches Triggered . | . Construction Impeded . | . Haulers Reinforced . | . Active Scanning Responses . | . Cargo Convoy Interrupts . | . Stealth | -11 --------- Run | Yrd Distress Signals . | . Communications Jammed . | . Distress Signals . | . Times Spotted 19 | 19 Peak Tracking Total 20 | 20 Tactical Retreats 1 | 1 Traps | -11 ------- Run | Yrd Traps Triggered . | . Indirectly . | . Trap Hack Attempts . | . Triggered . | . Disarmed . | . Reprogrammed . | . Reused . | . Traps Extracted . | . Installed . | . Triggered . | . Machines | -11 ---------- Run | Yrd Machines Disabled . | . Max in Single Turn . | . Machines Repaired . | . Machines Dismantled . | . Machines Sabotaged . | . Overloaded Fab Kills . | . Hacking | -11 --------- Run | Yrd Machines Accessed . | . Terminals . | . Fabricators . | . Repair Stations . | . Recycling Units . | . Scanalyzers . | . Garrison Access . | . Total Hacks . | . Successful . | . Failed . | . Catastrophic . | . Database Lockouts . | . Manual . | . Terminals . | . Fabricators . | . Repair Stations . | . Recycling Units . | . Scanalyzers . | . Garrison Access . | . Terminal Hacks . | . Fabricator Hacks . | . Repair Station Hacks . | . Recycling Unit Hacks . | . Scanalyzer . | . Garrison Access Hacks . | . Unauthorized Hacks . | . Terminals . | . Fabricators . | . Repair Stations . | . Recycling Units . | . Scanalyzers . | . Garrison Access . | . Data Cores Recovered . | . Used . | . Hacking Detections . | . Full Trace Events . | . Feedback Events . | . Feedback Blocked . | . Robot Schematics Acquired . | . Robots Built . | . Authchips . | . Time . | . Total Robot Build Rating . | . Part Schematics Acquired . | . Parts Built . | . Authchips . | . Time . | . Total Part Build Rating . | . Parts Repaired . | . Time . | . Parts Recycled . | . Recycled Matter . | . Retrieved Matter . | . Retrieved Components . | . Parts Scanalyzed . | . Part Schematics Acquired . | . Parts Damaged . | . Bothacking | -11 ------------ Run | Yrd Used RIF Installer . | . Robots Hacked . | . Non-combat . | . Combat . | . Robot Hacks Applied . | . Relay Couplers Released . | . Fabnet Peak Effective % . | . Robots Rewired . | . Allies Hacked . | . Hacks Repelled . | . Allies | -11 -------- Run | Yrd Total Allies . | . Largest Group . | . Highest-Rated Group . | . Highest-Rated Ally . | . Total Orders . | . Ally Attacks . | . Total Damage . | . Kills . | . Allies Corrupted . | . Allies Melted . | . Intel | -11 ------- Run | Yrd Robot Analysis Total . | . Derelict Logs Recovered . | . Drone Launches . | . Drone Recoveries . | . Exploration | -11 ------------- Run | Yrd Turns Passed 4172 | 4172 Spaces Moved 1585 | 1585 Core 27 | 27 Treads . | . Legs 1558 | 1558 Wheels . | . Hover . | . Flight . | . Fastest Speed 50 | 50 Average Speed 120 | 120 Slowest Speed 250 | 250 Overloaded Moves . | . Propulsion Burnouts . | . Robots Hopped . | . Cave-ins Triggered . | . Exploration Rate (%) 109 | 109 Regions Visited . Branch Regions . Pre-discovered Areas . | . Known Exits Taken . | . Unknown Exits Taken . | . Scrap Searched . | . Spaces Dug . | . Terrain Destroyed . | . Melee . | . Projectile . | . AOE . | . Terrain Rammed . | . Walls Destroyed . | . Machines Disabled . | . Actions | -11 --------- Run | Yrd Total 3787 | 3787 Wait 2144 | 2144 Move 1585 | 1585 Hop . | . Pick Up 6 | 6 Fast Attach 9 | 9 Attach 2 | 2 Detach 2 | 2 Swap 2 | 2 Drop 5 | 5 Fire 32 | 32 Melee . | . Ram . | . Kick . | . Crush . | . Escape Stasis . | . Rewire . | . Trap . | . Miscellaneous . | . Route ------- -11/Scrapyard (discovered 1 exit: [*Mat]) History --------- Turn | Location | Event 32 | -11/Scrapyard | Discovered new exit (range 15) 4141 | -11/Scrapyard | Assembled infested the area 4168 | -11/Scrapyard | Core integrity fell below 50% 4171 | -11/Scrapyard | Core integrity fell below 20% 4171 | -11/Scrapyard | System corruption reached 10% 4173 | -11/Scrapyard | Destroyed by as-86729 with Assembled Maul Last Messages --------------- 04141_ ALERT: Infestation in the scrapyard, dispatching Demolisher response squad. [Achievement: Curiosity Killed The Cat] 04141_ T-07 Excavator destroyed. [Achievement: Hunted] 04143_ Knocked back. 04148_ Seismic Detector destroyed. 04152_ as-57500 destroyed. 04156_ Knocked back. 04162_ Aluminum Leg destroyed. 04164_ Assault Rifle destroyed. 04164_ System corrupted by crushing effect (+3). 04167_ Imp. Terrain Scanner destroyed. 04167_ System corrupted by crushing effect (+4). 04170_ Destroyed Asb. Blade. 04170_ Ion Engine destroyed. 04170_ System corrupted by crushing effect (+3). 04170_ Lgt. Assault Rifle destroyed. [Achievement: System Compromised] 04173_ Aluminum Leg destroyed. Map ----- +----------------------------------------------------+ | | | | | | | | | | | | | | | | | | | | | ????###############?#????????????????????????????? | | ?#??## #????????#??##?????????????????? | | ????# #??????????????????????????????? | | ????# #??????????????????????????????? | | ????# #??????????????????????????????? | | ????# #??#???????#??##???????????????? | | ???## #??#?????? "## ##??????????????? | | ????####### #######???#?#??? " #??????????????? | | ???????### #?#######???????" #??????????????? | | ?#???#?## # ##?#??? ?" ???????????????? | | ?#????#?## # #???#??? " ???#????????????? | | ?#???????# #???????" ????????????????? | | ########## # #??????? ?????????????????? | | # # # ###???????# #?????????????????? | | # # #?############### #???#??#??????????? | | # #??## @a #!%###?????#?????????? | | # # #??# aaa# # #???????????????? | | # # #### a aa #???###?????????? | | # #### a# # #???????????????? | | # ##?# ### #???#???????#?????? | | # # ################# ##????????????????? | | ## # # # # #?????????#??????? | | ########## # # #??????#?????????? | | # # # #??????#????#????? | | # # # #??????#?#???????? | | ########## # ## ##????????????????? | | ####### # # ## #??????#?#?#??????? | | # # # # ## ##?????????#??#???# | | # # # # ## #?#?#???????#?????? | | # # # ## ## #???#########??#??? | | # # ################# #???# #?????## | | # # ################# ##### ###????? | | # # #????#?? | | # # # #????#?? | | #### # ##################### # #??????? | | ########## #???###?##?##??#?##?# #??????# | | # ########?#?########## ###########???? | | # ## ##?#### # # #???# | | # # #?##?# # # #???? | | ###?## # # #???? | +----------------------------------------------------+ Best States ------------- Heat Dissipation 25 Energy Generation 10 Energy Capacity 250 Matter Stores 182 Matter Capacity 300 Sight Range 16 Terrain Scan Range 16 Terrain Scan Density 10 Evasion (%) 55 Item Schematics ----------------- None Robot Schematics ------------------ None Fabricated ------------ Nothing Alien Tech Used ----------------- None Achievements -------------- Curiosity Killed The Cat Hunted System Compromised Challenges ------------ None Game ------ Seed ShieldConstructBroadsword Manual? 0 Play Time 00:28:17 Cumulative 15.9 hours Start 2024.04.20 @ 10:21:49 End 2024.04.20 @ 19:53:37 Sessions 2 Manual Loads 0 Difficulty Rogue Special Mode None Game No. 17 Rogue 17 Adventurer 0 Explorer 0 Win Type - Total 0 Types 0/0/0/0/0/0/0/0/0 Lore% 6 Gallery% 10 Achievement% 10 Wizard Run 0 Options --------- Layout 2 ASCII 1 Keyboard 1 Movement Vi Keybinds 0 Fullscreen 0 Font 36/Smallcaps Map View 50x44 Zoom Use 0% Tactical HUD 1 Map Filters NONE Filters NONE Steam 0 RUN: 8d1e1340-f38f-4a53-929e-701de9c8229e